 Dungeon Crawl Stone Soup version 0.26.0-10-g1f06aea511 (webtiles) character file.

Game seed: 9307348112303043387

90 Dracia the Covered (level 4, -2/35 HPs)
             Began as a Demonspawn Fighter on Jan 19, 2021.
             Slain by a gnoll
             ... wielding a +2 halberd of venom
              (5 damage)
             ... on level 2 of the Dungeon.
             The game lasted 00:02:00 (1761 turns).

Dracia the Covered (Demonspawn Fighter)             Turns: 1761, Time: 00:02:01

Health: -2/35      AC:  6    Str: 17    XL:     4   Next: 32%
Magic:  4/4        EV:  8    Int: 10    God:
Gold:   99         SH:  9    Dex: 12    Spells: 3/3 levels left

rFire    + . .     SeeInvis .   m - +3 spear
rCold    . . .     Faith    .   c - +0 kite shield
rNeg     . . .     Spirit   .   b - +0 scale mail
rPois    .         Reflect  .   (helmet restricted)
rElec    .         Harm     .   (no cloak)
rCorr    .         Rampage  .   (no gloves)
Will     .....                  (no boots)
Stlth    ..........             (no amulet)
HPRegen  0.11/turn              (no ring)
MPRegen  0.09/turn              (no ring)

@: lethally poisoned (-2 -> -24), hasted, very quick
A: antennae 1, fire resistance 1
a: no special abilities


You were on level 2 of the Dungeon.
You visited 1 branch of the dungeon, and saw 2 of its levels.

You collected 99 gold pieces.


Innate Abilities, Weirdness & Mutations

You have a pair of small antennae on your head.
Your flesh is heat resistant. (rF+)


   Skills:
 - Level 3.0 Fighting
 - Level 1.7 Short Blades
 + Level 3.5 Armour
 + Level 1.9 Dodging
 + Level 3.4 Shields


You had 3 spell levels left.
You didn't know any spells.
Your spell library was empty.

Inventory:

Hand Weapons
 a - a +0 rapier
 m - a +3 spear (weapon)
Missiles
 k - 21 poisoned darts (quivered)
Armour
 b - a +0 scale mail (worn)
 c - a +0 kite shield (worn)
Scrolls
 e - a scroll of immolation {unknown}
 g - a scroll of remove curse {unknown}
 h - a scroll of random uselessness {unknown}
 i - a scroll of identify {unknown}
 n - a scroll of teleportation {unknown}
 o - a scroll of noise {unknown}
 p - a scroll of enchant armour {unknown}
Potions
 d - a potion of might
 j - a potion of cancellation {unknown}
 l - a potion of curing {unknown}

Dungeon Overview and Level Annotations

Branches:
Dungeon (2/15)

Altars:

#.......##..#.##
#.......#.†.#..#
#...........##.#
#####.##...###.# ##
#.......##.# #.
##..#.#..#.# #.
#..#.##.#.# #.
########.........# ##
.......@g##.#....### ##
.......g...........####.
.........##.##...#......
###.....###.####....###.
####<.....#######.# #.
##.##..........# #.
#.##.....†....# #.
#.##.....)....###.
>..............


You could see 2 gnolls.


Message History

You are poisoned.
You hit the gnoll.
The gnoll is almost dead.
You feel sick. The gnoll completely misses you. The gnoll hits you.
The gnoll hits you from afar with a +2 halberd of venom.
You are lethally poisoned!
You hit the gnoll.
You kill the gnoll!
* * * LOW HITPOINT WARNING * * *
You feel sick. You block the gnoll's attack.
The gnoll hits you from afar with a +2 halberd of venom.
* * * LOW HITPOINT WARNING * * *
The gnoll hits you.
* * * LOW HITPOINT WARNING * * *
* * * LOW HITPOINT WARNING * * *
You feel sick.
The gnoll hits you with a +2 halberd of venom.
* * * LOW HITPOINT WARNING * * *
You are more poisoned.
You block the gnoll's attack.
You see here a +0 club.
Your scale mail prevents you from hitting the gnoll.
* * * LOW HITPOINT WARNING * * *
You feel sick. The gnoll completely misses you. The gnoll barely misses you.
Unknown command.
It was a potion of haste.
You feel yourself speed up.
* * * LOW HITPOINT WARNING * * *
You feel sick. The gnoll completely misses you.
The gnoll hits you with a +2 halberd of venom.
You die...

Skill      XL: |  1  2 |
---------------+-------+-----
Armour         | 3 |  3.5
Shields        | 3 |  3.4
Dodging        | 1 |  1.9
Fighting       | |  3.0
Short Blades   | |  1.7

Action                   |  1- 3 |  4- 6 || total
-------------------------+-------+-------++-------
Melee: Rapier            |    80 |    33 ||   113
       Spear             |       |     8 ||     8
  Use: Potion            |       |     1 ||     1
Armor: Scale mail        |    43 |    21 ||    64
Dodge: Dodged            |    21 |    20 ||    41
Block: Kite shield       |    38 |    25 ||    63

Levels and vault maps discovered:
D:1:      scummos_arrival_forest, layout_basic, corexii_corridor_pit
D:2:      layout_rooms

Notes
Turn   | Place    | Note
-------+----------+-------------------------------------------
     0 | D:1      | Dracia the Demonspawn Fighter began the quest for the Orb.
     0 | D:1      | Reached XP level 1. HP: 18/18 MP: 1/1
   179 | D:1      | Gained mutation: Your flesh is heat resistant. (rF+)
                  | [demonic ancestry]
   179 | D:1      | Reached XP level 2. HP: 23/24 MP: 2/2
   232 | D:1      | Reached skill level 3 in Armour
   232 | D:1      | Reached skill level 3 in Shields
   334 | D:1      | Reached skill level 1 in Dodging
   781 | D:1      | Reached XP level 3. HP: 29/29 MP: 3/3
  1218 | D:2      | Gained mutation: You have a pair of small antennae on your
                  | head. [demonic ancestry]
  1218 | D:2      | Reached XP level 4. HP: 26/35 MP: 4/4
  1761 | D:2      | HP: 3/35 [poisoned by a gnoll]
  1761 | D:2      | Slain by a gnoll

Vanquished Creatures
  A centaur skeleton (D:2)
  An adder (D:2)
  A gnoll (D:2)
  An ooze (D:1)
  A worm (D:1)
  A dart slug (D:1)
  2 giant cockroaches (D:1)
  5 goblins
  4 hobgoblins (D:1)
  2 jackals (D:2)
  4 bats
  7 frilled lizards
  A kobold (D:1)
  7 rats
38 creatures vanquished.

Table legend: (Time is in decaauts)
 A = Elapsed time spent in this place.
 B = Non-inter-level travel time spent in this place.
 C = Inter-level travel time spent in this place.
 D = Time resting spent in this place.
 E = Time spent auto-exploring this place.
 F = Levels seen in this place.
 G = Mean time per level.
                   A        B        C        D        E       F      G
               +--------+--------+--------+--------+--------+-----+--------+
         Total |   1785 |   1741 |     44 |    341 |   1130 |   2 |  892.5 |
       Dungeon |   1785 |   1741 |     44 |    341 |   1130 |   2 |  892.5 |
               +--------+--------+--------+--------+--------+-----+--------+

Top non-repeatable levels by time:
     D:1: 1189 daAuts
     D:2: 596 daAuts

Table legend:
 A = Non-vault XP
 B = Vault XP
 C = Vault XP percentage of total XP
 D = Non-vault monster count
 E = Vault monster count
 F = Vault count percentage of total count
                 A         B        C        D         E       F
            +---------+---------+-------+---------+---------+-------
      Total |     129 |       0 |   0.0 |      38 |       0 |   0.0
            +---------+---------+-------+---------+---------+-------
        D:1 |      49 |       0 |   0.0 |      24 |       0 |   0.0
        D:2 |      80 |       0 |   0.0 |      14 |       0 |   0.0
            +---------+---------+-------+---------+---------+-------
